cohdb
Replays
Latest Replays
All Replays
Popular Replays
Top Player Replays
Match Explorer
How It Works
Community
CoH3 Stats
Reddit
Sign in to upload your games and track your stats! →
Sign in with Steam
Match 41855339
Unlisted
Match 41855339
Overview
Messages
Build Orders
End
Kradschützen Motorcycle Team
Selects Italian Combined Arms Battlegroup
Selects Bersaglieri Squad
Bersaglieri Squad
Bersaglieri Squad
Construct Light Support Kompanie
2.5-tonne Medical Truck
Selects Bersaglieri Bolster
Panzerjäger Squad
Fire Support Elements
Selects Breda Model 30 Light Machine Guns
Pak 38 Anti-tank Gun Team
Logan5
反内卷办公室主任
just a chill world leader ♡
Turtleboy
0
0
Comments
sign in to comment!
No comments posted yet!